[Event "26th Hit Open-A 2022"]
[Site "Nova Gorica"]
[Date "2022.09.19"]
[Round "6.1"]
[White "Drazic, Sinisa"]
[Black "Wadsworth, Matthew J"]
[Result "1/2-1/2"]
[ECO "C02"]
[WhiteElo "2327"]
[BlackElo "2423"]
[Annotator "TA"]
[PlyCount "112"]
[EventDate "2022.09.16"]
[EventType "swiss"]
[EventCountry "SLO"]
[SourceTitle "playchess.com"]
[Source "ChessBase"]
[SourceQuality "1"]
[TimeControl "5400+30"]

1. e4 e6 2. d4 d5 3. e5 c5 4. c3 Qb6 5. Nf3 Nc6 6. a3 Nh6 7. Bd3 $1 {[%emt 0:00:42][%mdl 4] now scores much better than the old 7.b4.} cxd4 8. cxd4 {[%emt 0:00:10] RECAPT 2 (0-0) (=2)} Bd7 {[%emt 0:04:27] BESTDEEP. C02: French: Advance Variation.} (8... Nxd4 $2 9. Nxd4 Bc5 10. Nb5 Bxf2+ 11. Kf1 $18) 9. Bc2 {[%emt 0:00:03] BESTDEEP} ({Don't play} 9. Bxh6 gxh6 10. Qe2 Nxd4 11. Nxd4 Qxd4 $17) 9... Rc8 {[%emt 0:04:25][%cal Oc6d4] CPLX 2.4 22 (Nh6-f5) (=11)} 10. Nc3 {[%emt 0:01:16] EASY} Na5 {[%emt 0:05:41] CPLX 2.3 12 (g7-g6) (=11). White is slightly better.} 11. O-O {[%emt 0:00:31] CPLX 2.4 0 (Ra1-b1) (=1)} Nc4 {[%emt 0:05:36] CPLX 2.5 8 (g7-g6) (=11)} 12. Rb1 {[%emt 0:06:21] BESTDEEP} Qc7 {[%emt 0:10:01] CPLX 2.5 55 (g7-g6) (=19)} ({Black should play} 12... g6 $14) 13. Bd3 {[%emt 0:11:04] [#] CPLX 2.5 17 (Bc1xh6) (=3)} Be7 $146 {[%emt 0:06:11] CPLX 2.6 17 (g7-g6) (=19)} ({Predecessor:} 13... a6 14. Ng5 g6 15. Qe2 Qc6 16. g4 Bg7 17. Qf3 O-O 18. Qh3 Nxa3 19. Ra1 Nc4 20. Nxh7 Kxh7 {1-0 (40) Panskus,M (2156)-Jaeger,H Kiel 2000}) 14. Ne2 {[%emt 0:01:25] CPLX 2.7 55 (Rf1-e1) (=11)} (14. Re1 $16) 14... f5 {[%emt 0:20:52] CPLX 2.6 105 (Nh6-f5) (=31)} (14... Nf5 $14) 15. exf6 {[%emt 0:18:45] CPLX 2.7 15 (Bd3xc4) (=11)} Bxf6 {[%emt 0:00:04] RECAPT} 16. b3 {[%emt 0:00:32] CPLX 2.7 0 (Bc1xh6) (=10)} Nd6 {[%emt 0:00:52] CPLX 2.8 10 (Nc4-a5) (=25)} 17. Bf4 {[%emt 0:01:05] MISSDEEP-Bc1xh6 85 (Bc1xh6) (=17)} (17. Bxh6 $18 gxh6 18. Rc1) 17... Qb6 {[%emt 0:02:53] CPLX 2.9 26 (Nh6-f7) (=26)} 18. a4 {[%emt 0:12:46][%cal Ba3a4,Ba4a5][%mdl 32] CPLX 2.7 15 (Bf4xh6) (=17)} Nhf7 {[%emt 0:02:51] CPLX 2.6 0 (Nd6-f5) (=23)} 19. Ne5 {[%emt 0:02:38] CPLX 2.6 0 (Rf1-e1) (=16)} g5 {[%emt 0:03:45] CPLX 3.0 41 (Qb6-d8) (=25)} 20. Nxd7 {[%emt 0:10:23] BESTDEEP} Kxd7 {[%emt 0:00:06] RECAPT} 21. Bd2 {[%emt 0:00:13] BESTDEEP} a6 {[%emt 0:03:46] CPLX 3.5 2 (h7-h5) (=21)} (21... Bxd4 $2 22. a5 Qd8 23. Nxd4 $18) 22. a5 {[%emt 0:01:35] CPLX 2.7} Qa7 {[%emt 0:00:13] CPLX 2.9} 23. Be3 {[%emt 0:00:19] CPLX 2.6} h5 {[%emt 0:01:10] [#] CPLX 2.5 15 (Nf7-h6) (=20)} 24. Qd2 $1 {[%emt 0:06:43] BESTDEEP} h4 {[%emt 0:05:47] CPLX 2.6 65 (Rh8-g8) (=22)} (24... Rhg8 $142 25. Rbc1 Rxc1 26. Rxc1 h4) 25. h3 {[%emt 0:01:51] CPLX 2.7 29 (f2-f4) (=12)} Rhg8 {[%emt 0:00:38] CPLX 2.7} 26. Rfc1 {[%emt 0:01:44] CPLX 2.7 54 (f2-f4) (=14)} (26. f4 $18) 26... Rxc1+ $16 {[%emt 0:02:58] CPLX 4.0} 27. Rxc1 {[%emt 0:00:21] RECAPT} Rc8 {[%emt 0:04:43] CPLX 3.6} 28. Rc5 {[%emt 0:01:43] CPLX 3.6 7 (Rc1-f1) (=13)} b6 {[%emt 0:00:50] CPLX 3.6 24 (Rc8-c6) (=19)} 29. axb6 {[%emt 0:00:18] White is more active. MISS-Rc5xc8 0 (Rc5xc8) (=13)} Qxb6 {[%emt 0:00:01] RECAPT} 30. Qa2 {[%emt 0:00:13] CPLX 3.8} Rb8 {[%emt 0:00:51] CPLX 4.5 22 (Nf7-d8) (=18)} 31. Nc3 {[%emt 0:03:57] CPLX 4.5 49 (Ne2-c1) (=14)} ({White should try} 31. Nc1) 31... Qxb3 {[%emt 0:01:48] DEEPSTRONG} 32. Qxa6 {[%emt 0:01:10][%cal Oc3b5] Strongly threatening Nb5! EASY} Ke7 {[%emt 0:00:55][%cal Bd7e7,Be7f8,Bf8g7][%mdl 32] BESTDEEP} 33. Kh2 {[%emt 0:05:39] The board is on fire. RELBLUND 66 (Nc3-a4) (=15)} (33. Na4 $16 {Rc7+ is the strong threat.} Qb7 34. Qa5) 33... Qb6 {[%emt 0:01:04] Inhibits Rc7+. CPLX 5.1 14 (Qb3-b7) (=17)} 34. Qa3 {[%emt 0:00:12] And now Rb5 would win. CPLX 4.0 30 (Qa6-a1) (=16)} Qb4 {[%emt 0:00:32] Prevents Rb5. CPLX 3.8 16 (Ke7-f8) (=17)} 35. Rc7+ {[%emt 0:06:05] CPLX 5.4 16 (Qa3xb4) (=16)} Kf8 {[%emt 0:00:06] CPLX 4.2} 36. Qa7 {[%emt 0:01:14] CPLX 4.3 0 (Qa3-a4) (=15)} Bd8 {[%emt 0:01:49] CPLX 4.1} 37. Rc6 {[%emt 0:00:58] CPLX 4.5 0 (Rc7-d7) (=15)} Rb7 {[%emt 0:00:48] CPLX 4.1 20 (Rb8-c8) (=16)} 38. Qa8 {[%emt 0:00:16] CPLX 4.0} Kg7 {[%emt 0:00:26] CPLX 4.0 35 (Qb4-a5) (=16)} 39. Qa1 {[%emt 0:01:50] RELBLUND 53 (Nc3-a4) (=15)} (39. Na4 $1 $14 Qe1 40. Nc5 (40. Rxd6 Bc7 $16)) 39... Rc7 $11 {[%emt 0:00:52] CPLX 3.7} 40. Qa6 {[%emt 0:01:22] CPLX 4.0 7 (Rc6xc7) (=15)} Rxc6 {[%emt 0:00:37] BESTDEEP} 41. Qxc6 {[%emt 0:00:02] RECAPT} Bf6 {[%emt 0:00:32] CPLX 3.3 8 (Nd6-c4) (=15)} 42. Ne2 {[%emt 0:00:18] CPLX 3.4} Qb3 {[%emt 0:00:50] CPLX 3.3} 43. Qa6 {[%emt 0:00:10] CPLX 3.5 21 (Ne2-c1) (=14)} Nc4 {[%emt 0:01:13] CPLX 3.4 21 (Nd6-f5) (=15)} (43... Nf5 $5 ) 44. Nc1 {[%emt 0:01:04][%mdl 8192] [#] RELBLUND 299 (Bd3xc4) (=22)} (44. Bxc4 $11 Qxc4 45. Qxc4 dxc4 46. g4) 44... Qc3 $2 {[%emt 0:00:18] CPLX 4.2 299 (Qb3-b8) (=23)} (44... Qb8+ $1 $19 45. Kh1 Nxe3 46. fxe3 Qg3) 45. Bxc4 {[%emt 0:01:43] DEEPSTRONG=>BLUNDERREACT. The position is equal.} dxc4 {[%emt 0:00:26] CPLX 3.3 0 (Qc3xc4) (=22)} 46. Qxe6 {[%emt 0:00:32] CPLX 2.8} Bxd4 {[%emt 0:00:05] EASY} 47. Ne2 {[%emt 0:00:29][%csl LRc3,LRd4] CPLX 3.4} Be5+ {[%emt 0:00:07] EASY} 48. g3 {[%emt 0:00:01] EASY} Qd3 {[%emt 0:01:50] EASY} 49. Qg4 {[%emt 0:00:07] CPLX 3.7} c3 {[%emt 0:00:33] BESTDEEP} 50. Kg2 {[%emt 0:00:01] CPLX 3.2 0 (Be3xg5) (=19)} hxg3 {[%emt 0:00:36] CPLX 3.5 0 (Qd3-d5) (=19)} 51. Nxg3 {[%emt 0:00:15] RECAPT 8 (Be3xg5) (=19)} Bxg3 {[%emt 0:00:30] RECAPT} 52. Qxg3 {[%emt 0:00:35] KQB-KQN. RECAPT} c2 {[%emt 0:00:17] CPLX 4.0 0 (Kg7-g6) (=19)} 53. Qc7 {[%emt 0:00:25] CPLX 4.5} Qe4+ {[%emt 0:00:25] CPLX 4.8} 54. Kg1 {[%emt 0:01:10] EASY} g4 {[%emt 0:01:00] CPLX 4.3 8 (Qe4-f5) (=18)} 55. hxg4 {[%emt 0:00:27] CPLX 4.7 8 (h3-h4) (=17)} Qxg4+ {[%emt 0:00:05] RECAPT} 56. Qg3 {[%emt 0:00:07] BESTDEEP} Qxg3+ {[%emt 0:00:05] White really could win this.  Weighted Error Value: White=0.21 (precise) /Black=0.21 (precise)} 1/2-1/2

[Event "26th Hit Open-A 2022"]
[Site "Nova Gorica"]
[Date "2022.09.19"]
[Round "6.2"]
[White "Seo, Jung Min"]
[Black "Stefansson, Vignir Vatnar"]
[Result "1/2-1/2"]
[ECO "E08"]
[WhiteElo "2516"]
[BlackElo "2452"]
[Annotator "TA"]
[PlyCount "33"]
[EventDate "2022.09.16"]
[EventType "swiss"]
[EventCountry "SLO"]
[SourceTitle "playchess.com"]
[Source "ChessBase"]
[SourceQuality "1"]
[TimeControl "5400+30"]

1. d4 e6 2. c4 d5 3. Nf3 Nf6 4. g3 Bb4+ 5. Bd2 Be7 6. Bg2 O-O 7. O-O c6 8. Qc2 b6 9. Rd1 Bb7 10. Bf4 Nh5 11. Bc1 Nf6 12. Ne5 Nbd7 13. Bf4 Nh5 14. Bc1 Nhf6 15. Bf4 Nh5 {[%emt 0:01:21] [#]} 16. Bc1 $146 ({Predecessor:} 16. Bd2 Nhf6 17. cxd5 cxd5 18. Nc6 Bxc6 19. Qxc6 Rc8 20. Qa4 Qc7 21. Nc3 Qb7 22. e3 a6 23. Qb3 Rc7 24. Rdc1 b5 25. Ne2 Nb6 26. Rxc7 Qxc7 27. Rc1 Nc4 28. Bb4 Rb8 {½-½ (33) Vidit,S (2726)-Duda,J (2738) Krasnaya Polyana 2021}) 16... Nhf6 17. Bf4 1/2-1/2

[Event "26th Hit Open-A 2022"]
[Site "Nova Gorica"]
[Date "2022.09.19"]
[Round "6.3"]
[White "Pavlovic, Milos"]
[Black "Fercec, Nenad"]
[Result "1/2-1/2"]
[WhiteElo "2468"]
[BlackElo "2403"]
[Annotator "TA"]
[PlyCount "31"]
[EventDate "2022.09.16"]
[EventType "swiss"]
[EventCountry "SLO"]
[SourceTitle "playchess.com"]
[Source "ChessBase"]
[SourceQuality "1"]
[TimeControl "5400+30"]

1. d4 Nf6 2. c4 g6 3. g3 Bg7 4. Bg2 O-O 5. Nf3 d5 6. cxd5 Nxd5 7. O-O Nb6 8. Nc3 a5 {[%emt 0:00:08] CPLX 2.1 25 (Nb8-c6) (=25). D76: Fianchetto Grünfeld: Main Line with 7...Nb6.} 9. Bf4 {[%emt 0:00:14] BESTDEEP} c6 {[%emt 0:00:06] [#]} {Predecessor:} 10. Qc1 $146 Bg4 11. Rd1 Na6 12. Be5 f6 13. Bf4 Qc8 14. b3 Nd5 15. Bd2 Nxc3 16. Bxc3 {1-0 (46) Leisner,H (2237)-Gyorkos,L (2351) Germany 2015} 1/2-1/2

[Event "26th Hit Open-A 2022"]
[Site "Nova Gorica"]
[Date "2022.09.19"]
[Round "6.4"]
[White "Kaasen, Tor Fredrik"]
[Black "Debevec, Blaz"]
[Result "1-0"]
[ECO "D15"]
[WhiteElo "2442"]
[BlackElo "2056"]
[Annotator "TA"]
[PlyCount "79"]
[EventDate "2022.09.16"]
[EventType "swiss"]
[EventCountry "SLO"]
[SourceTitle "playchess.com"]
[Source "ChessBase"]
[SourceQuality "1"]
[TimeControl "5400+30"]

1. d4 d5 2. c4 c6 3. Nf3 Nf6 4. e3 Bf5 5. Nc3 a6 6. Qb3 {[%emt 0:00:42] CPLX 2.1} Ra7 {[%emt 0:02:18] BESTDEEP. D15: Slav Defence: 4 Nc3 a6 and gambit lines after 4 Nc3 dxc4.} 7. Bd2 {[%emt 0:00:19] CPLX 2.2 9 (Nf3-h4) (=5)} e6 {[%emt 0:02:59] CPLX 2.2} 8. Nh4 {[%emt 0:00:30] BESTDEEP} Be4 {[%emt 0:04:59] CPLX 2.5. The position is equal.} 9. cxd5 {[%emt 0:00:26] CPLX 2.7 7 (Nc3xe4) (=4)} exd5 {[%emt 0:02:12] RELBLUND 62 (Be4xd5) (=16)} (9... Bxd5 $11 {keeps the balance.} 10. Qc2 (10. Nxd5 cxd5 11. Bd3 Nc6 $11) 10... Nbd7) 10. f3 $16 {[%emt 0:02:46] EASY} Bg6 {[%emt 0:02:06] [#] CPLX 2.7} 11. O-O-O $146 {[%emt 0:09:37] CPLX 2.4 4 (Nh4xg6) (=3)} ({Predecessor:} 11. Nxg6 hxg6 12. O-O-O Be7 13. e4 dxe4 14. fxe4 b5 15. e5 Nd5 16. Be2 Rh4 17. Be1 {0-1 (54) Vitiugov,N (2721)-Bryzgalin,K (2424) Sochi 2016}) 11... Nbd7 {[%emt 0:07:02] CPLX 2.5 27 (b7-b5) (=15)} 12. Nxg6 {[%emt 0:02:48] CPLX 2.6 0 (e3-e4) (=3)} hxg6 {[%emt 0:01:35] RECAPT} 13. e4 {[%emt 0:00:24][%cal Re4d5] CPLX 2.3} Qb6 {[%emt 0:01:44] [#] CPLX 2.6 38 (Bf8-e7) (=16)} 14. Qxb6 {[%emt 0:04:38] MISSDEEP-Qb3-c2 59 (Qb3-c2) (=9)} ({Don't play} 14. exd5 $6 Qxb3 15. Re1+ (15. axb3 Nxd5 16. Re1+ Kd8 $14) 15... Kd8 16. axb3 Nxd5 $11) (14. Qc2 $1 $16) 14... Nxb6 $14 {[%emt 0:02:15] RECAPT} 15. e5 {[%emt 0:00:49] CPLX 2.2 1 (Kc1-c2) (=8)} Ng8 {[%emt 0:02:26] MISS-Nf6-d7 20 (Nf6-d7) (=15)} 16. Kb1 {[%emt 0:01:21] CPLX 2.0 10 (h2-h4) (=8)} Be7 {[%emt 0:01:53] CPLX 2.0 10 (Bf8-b4) (=14)} 17. Bd3 {[%emt 0:02:10] CPLX 2.0} g5 {[%emt 0:01:10] CPLX 2.1 21 (Ra7-a8) (=15)} 18. Ne2 {[%emt 0:05:58] CPLX 2.1} Nd7 {[%emt 0:02:44] CPLX 2.1 17 (a6-a5) (=15)} 19. g3 {[%emt 0:02:21] BESTDEEP} Nf8 {[%emt 0:03:27] CPLX 2.1 12 (Ra7-a8) (=15)} 20. Rdf1 {[%emt 0:11:13] CPLX 2.0 15 (Rd1-g1) (=7)} g6 {[%emt 0:01:38] CPLX 2.0 28 (Nf8-e6) (=16)} 21. f4 {[%emt 0:03:16] CPLX 2.1 8 (h2-h4) (=7)} gxf4 {[%emt 0:00:13] BESTDEEP} 22. Nxf4 {[%emt 0:00:56] RECAPT} g5 {[%emt 0:01:51] CPLX 2.2 7 (Ra7-a8) (=14)} 23. Ne2 {[%emt 0:01:23] CPLX 2.4} Ne6 {[%emt 0:01:08] CPLX 2.1} 24. Rf3 {[%emt 0:01:24] CPLX 2.2 42 (h2-h4) (=8)} Bd8 {[%emt 0:02:58] CPLX 2.3 10 (b7-b6) (=13)} 25. h4 {[%emt 0:03:31] BESTDEEP} b6 {[%emt 0:04:25] CPLX 2.5 40 (g5xh4) (=15)} 26. b4 {[%emt 0:01:26] CPLX 2.5 64 (Bd3-f5) (=10)} (26. Bf5 $142) 26... a5 {[%emt 0:00:28] CPLX 2.5 6 (c6-c5) (=14)} 27. Rc1 {[%emt 0:05:30] CPLX 2.7 9 (b4xa5) (=10)} (27. bxa5 {is more complex.} bxa5 28. Kc2 gxh4 29. gxh4 Bg5 30. Be1) 27... Ne7 {[%emt 0:04:27] CPLX 2.7 82 (Ra7-c7) (=17)} ({Better is} 27... Rc7) 28. Bxg5 $16 {[%emt 0:04:52] White is much more active. DEEPSTRONG=>BLUNDERREACT} Nxg5 {[%emt 0:01:00] RECAPT} 29. hxg5 {[%emt 0:00:12] Threatens to win with b5. RECAPT} axb4 {[%emt 0:00:48] [#] EASY} 30. Rcf1 $1 {[%emt 0:00:58] CPLX 2.4} Ra3 {[%emt 0:05:04] EASY} 31. Nc1 {[%emt 0:08:57] EASY} Rg8 {[%emt 0:07:21] CPLX 2.7 107 (Ne7-c8) (=19)} (31... Nc8 $16) 32. Rxf7 $18 {[%emt 0:00:19] EASY} Rxg5 {[%emt 0:00:12] EASY} 33. e6 {[%emt 0:03:47][%csl Gf1][%cal Rf7f8] CPLX 3.2 7 (Rf7-f8) (=8)} Rg8 {[%emt 0:02:55] Inhibits Rf8+. CPLX 3.8 74 (Ne7-g8) (=20)} 34. Bh7 {[%emt 0:01:25] BESTDEEP} Rh8 {[%emt 0:00:24] EASY} 35. Nd3 $40 {[%emt 0:02:57][%mdl 128] White wants a kill. CPLX 3.6 136 (Nc1-b3) (=12)} (35. Nb3 $18) 35... Bc7 $2 {[%emt 0:03:21][%mdl 8192] A mistake that costs the game. MISSDEEP-b6-b5 349 (b6-b5) (=30)} (35... b5 $16 {is tougher.}) 36. g4 {[%emt 0:00:11][%cal Bg3g4,Bg4g5,Bg5g6,Bg6g7][%mdl 32] Strongly threatening g5. CPLX 4.2=>BLUNDERREACT. White is clearly winning.} Bd6 {[%emt 0:01:32] EVAL 273 (b4-b3) (=38)} (36... b3 $142 37. axb3 Bd6) 37. g5 {[%emt 0:01:38] EVAL} Kd8 {[%emt 0:05:43] [#] EVAL} 38. g6 $1 {[%emt 0:06:42] And now g7 would win. DEEPSTRONG} c5 {[%emt 0:05:44] BEVAL 400 (Kd8-c7) (=48)} (38... Kc7 39. g7) 39. g7 {[%emt 0:01:00] BEVAL} Re8 {[%emt 0:00:05] BEVAL 400 (Rh8-g8) (=58)} 40. Rf8 {[%emt 0:00:26] Weighted Error Value: White=0.13 (very precise) /Black=0.42} 1-0

[Event "26th Hit Open-A 2022"]
[Site "Nova Gorica"]
[Date "2022.09.19"]
[Round "6.5"]
[White "Schreiner, Peter"]
[Black "Ghazarian, Kirk"]
[Result "1/2-1/2"]
[ECO "D02"]
[WhiteElo "2405"]
[BlackElo "2440"]
[Annotator "TA"]
[PlyCount "42"]
[EventDate "2022.09.16"]
[EventType "swiss"]
[EventCountry "SLO"]
[SourceTitle "playchess.com"]
[Source "ChessBase"]
[SourceQuality "1"]
[TimeControl "5400+30"]

1. Nf3 d5 2. g3 Nd7 3. d4 Nb6 4. a4 a5 5. Nc3 Bf5 {[%emt 0:01:40] CPLX 2.0 23 (e7-e6) (=23)} 6. Nh4 {[%emt 0:02:30] CPLX 2.0 13 (Bf1-g2) (=13). D02: 1 d4 d5 2 Nf3 sidelines, including 2...Nf6 3 g3 and 2...Nf6 3 Bf4.} Bg6 {[%emt 0:10:19] CPLX 2.1 40 (Bf5-g4) (=32)} 7. Nxg6 {[%emt 0:09:32] CPLX 2.0} hxg6 {[%emt 0:00:02] RECAPT} 8. e4 {[%emt 0:01:52] CPLX 2.0. White is slightly better.} dxe4 {[%emt 0:04:38] BESTDEEP} 9. Nxe4 {[%emt 0:03:06] RECAPT} Nf6 {[%emt 0:03:06] EASY} 10. Bg2 {[%emt 0:07:23] Strongly threatening Nxf6+. CPLX 2.6} Nxe4 {[%emt 0:04:05] CPLX 2.4} 11. Bxe4 {[%emt 0:00:07] RECAPT} c6 {[%emt 0:00:08] CPLX 2.1} 12. c3 {[%emt 0:02:28] CPLX 2.1} Nd5 {[%emt 0:01:27] CPLX 2.1} 13. h4 {[%emt 0:11:02] CPLX 2.2 0 (Bc1-g5) (=2)} e6 {[%emt 0:00:59] [#] CPLX 2.2} 14. Bg5 $146 {[%emt 0:19:22] CPLX 2.4 25 (Qd1-f3) (=4)} ({Predecessor:} 14. Kf1 Bd6 15. Kg2 Qc7 16. Bg5 Be7 17. Bxd5 cxd5 18. Bxe7 Qxe7 19. Ra3 O-O 20. Rb3 {1-0 (53) Svane,R (2637)-Bartel,M (2616) Warsaw 2021}) 14... Be7 {[%emt 0:00:41] EASY} 15. Bxe7 {[%emt 0:01:56] CPLX 2.7 1 (Bg5-d2) (=4)} Qxe7 {[%emt 0:00:49] RECAPT 0 (Ke8xe7) (=6)} 16. Bxd5 {[%emt 0:03:15] CPLX 2.3 37 (Qd1-d2) (=7)} exd5+ {[%emt 0:01:19] RECAPT. The position is equal.} 17. Kf1 {[%emt 0:01:10] BESTDEEP} O-O {[%emt 0:02:25] CPLX 2.0 12 (Ke8-d7) (=6)} 18. Qf3 {[%emt 0:01:02] BESTDEEP} Rae8 {[%emt 0:02:25] CPLX 2.0} 19. Kg2 {[%emt 0:03:03] CPLX 2.5 1 (Ra1-b1) (=6)} Qe4 {[%emt 0:03:45] CPLX 2.0 7 (Qe7-d7) (=5)} 20. Qxe4 {[%emt 0:01:15] EASY} Rxe4 {[%emt 0:02:00] RECAPT} 21. Rhe1 {[%emt 0:00:46] CPLX 2.0 0 (Ra1-b1) (=5)} Rfe8 {[%emt 0:00:54] Weighted Error Value: White=0.05 (flawless) /Black=0.07 (flawless)} 1/2-1/2

[Event "26th Hit Open-A 2022"]
[Site "Nova Gorica"]
[Date "2022.09.19"]
[Round "6.6"]
[White "Willow, Jonah B"]
[Black "Davies, Nigel R"]
[Result "1-0"]
[ECO "C10"]
[WhiteElo "2385"]
[BlackElo "2420"]
[Annotator "TA"]
[PlyCount "59"]
[EventDate "2022.09.16"]
[EventType "swiss"]
[EventCountry "SLO"]
[SourceTitle "playchess.com"]
[Source "ChessBase"]
[SourceQuality "1"]
[TimeControl "5400+30"]

1. e4 e6 2. d4 d5 3. Nc3 dxe4 4. Nxe4 Nd7 5. Nf3 Ngf6 6. Nxf6+ Nxf6 7. Bd3 c5 8. Be3 Qc7 9. Qe2 Be7 10. O-O-O O-O 11. dxc5 {[%emt 0:01:58] CPLX 2.4} b6 {[%emt 0:00:42] CPLX 2.3 24 (Bc8-d7) (=24). C10: French with 3 Nc3: Unusual Black 3rd moves and 3...dxe4.} 12. c6 {[%emt 0:22:15] CPLX 2.5 29 (c5xb6) (=15)} Qxc6 {[%emt 0:01:26] EASY} 13. Ne5 {[%emt 0:00:29] BESTDEEP} Qa4 {[%emt 0:03:07] CPLX 3.1 31 (Qc6-c7) (=18). The position is equal.} 14. Kb1 {[%emt 0:31:06] BESTDEEP} Bb7 {[%emt 0:00:18] CPLX 3.4} 15. Bd4 {[%emt 0:01:28] [#] BESTDEEP} Rfc8 $146 {[%emt 0:16:15] [#] CPLX 3.5 50 (Rf8-d8) (=21)} (15... Bxg2 $2 16. Rhg1 Rad8 17. Bb5 Qxd4 18. Rxd4 Rxd4 19. Rxg2 $18) (15... Rfd8 $14 16. Bb5 Ba6 17. Bxa6 Rxd4) ({Predecessor:} 15... Rac8 16. Rhe1 Rfd8 17. Nxf7 Rxd4 18. Qxe6 Bd5 19. Nh6+ Kh8 20. Qxc8+ Ng8 {1-0 (32) Pitra,A (2390)-Lee,J (2137) Tagaytay City 2017}) 16. Rhe1 $1 $16 {[%emt 0:08:56][%cal Oe5f7] aiming for Nxf7! BESTDEEP} Qe8 {[%emt 0:03:09] BESTDEEP} (16... Bxg2 $2 17. Nxf7 $1 Bd5 18. b3 $1 $18) (16... Bd5 $2 17. c4 (17. b3 Qe8 $18) 17... Bc5 18. Bxc5 Bxc4 19. Bxc4 $18) 17. Bb5 {[%emt 0:04:19] CPLX 2.7 9 (Ne5-g4) (=5)} Qf8 {[%emt 0:00:06] EASY} 18. g4 {[%emt 0:07:19][%cal Bg2g4,Bg4g5,Bg5f6,Bf6g7][%mdl 32] White is more active. BESTDEEP} Bc5 {[%emt 0:08:34] This costs Black the game. CPLX 2.7 137 (Nf6-d5) (=30)} (18... Nd5 $16) 19. g5 $18 {[%emt 0:02:59] CPLX 2.7=>BLUNDERREACT} Nd5 {[%emt 0:03:37] MISSDEEP-Bc5xd4 369 (Bc5xd4) (=68)} (19... Bxd4 20. Rxd4 Nd5) 20. Nd7 {[%emt 0:02:07] CPLX 2.9=>BLUNDERREACT} Qe7 {[%emt 0:00:27] [#] Hoping for ...Bxd4. EVAL 112 (Qf8-d8) (=72)} 21. Bxg7 {[%emt 0:04:13][%mdl 512] Black must now prevent Bf6. EVAL} Kxg7 {[%emt 0:01:18] EVAL 160 (Bb7-a6) (=80)} (21... Rd8 22. Bf6) 22. Qe5+ {[%emt 0:00:04] EVAL} Kg8 {[%emt 0:00:14] EVAL} 23. Nf6+ {[%emt 0:04:40] EVAL} Nxf6 {[%emt 0:02:05] EVAL} 24. gxf6 {[%emt 0:00:02] EVAL} Qf8 {[%emt 0:00:08] EVAL} 25. Rg1+ {[%emt 0:00:05] EVAL} Kh8 {[%emt 0:00:05] EVAL} 26. Rg7 {[%emt 0:00:03] EVAL} Qxg7 {[%emt 0:01:49] EVAL} 27. fxg7+ {[%emt 0:00:05] RECAPT} Kg8 {[%emt 0:00:04] EVAL} 28. Bd3 {[%emt 0:01:08] White wants to mate with Rg1. CPLX 5.1 111 (b2-b4) (=8)} Rd8 {[%emt 0:01:15] BEVAL 366 (Bb7-f3) (=69)} 29. Rg1 {[%emt 0:00:44][%cal Od3h7] Bxh7+! would kill now. CPLX 5.9 399 (Bd3xh7) (=29)} Rd5 {[%emt 0:00:16] [#] RELBLUND 400 (Bb7-f3) (=87)} 30. Qe4 {[%emt 0:00:35] Weighted Error Value: White=0.67/Black=1.17} (30. Bxh7+ $142 $1 Kxh7 31. Qf6 Kg8 32. Qh6 f6 33. Qh8+ Kf7 34. g8=Q+ Rxg8 35. Qxg8+ Ke7 36. Rg7+ Kd6 37. Qb8+ Kc6 38. Qxb7+ Kb5 39. a4+ Kc4 40. Rg4+ Bd4 41. Qc6+ Rc5 42. Qxe6+ Kb4 43. Qd7) 1-0